Map: Frost LE

Players

Lambo - Winner!

  • Race: Zerg Zerg
  • League: Grandmaster

LiquidTLO (TLO)

  • Race: Zerg Zerg
  • League: Grandmaster

VOD

Have the link to the VOD?

Description

Time

  • Played on: July 3, 2016, 12:32 p.m.
  • Length: 4:04
Show
View Real Time Build Order
Export as new Build Order

Lambo Zerg - Winner!

Build Orders: Hatch First 

Get SALT Encoding   

  12  0:00  Drone  
  13  0:12  Overlord  
  13  0:23  Drone  
  14  0:32  Drone x2  
  14  0:35  Drone  
  17  0:53  Hatchery  
  17  0:55  Drone  
  17  0:59  Drone  
  18  1:10  Extractor  
  17  1:14  Spawning Pool  
  17  1:17  Drone  
  17  1:20  Drone  
  18  1:28  Drone  
  19  1:40  Overlord  
  19  1:50  Drone  
  20  2:01  Queen  
  20  2:03  Zergling x2  
  20  2:05  Zergling x2, Queen  
  26  2:09  Metabolic Boost  
  26  2:19  Drone  
  26  2:20  Drone  
  28  2:34  Baneling Nest, Zergling x6  
  30  2:39  Spine Crawler  
  30  2:41  Zergling x2  
  28  2:47  Queen  
  30  2:57  Zergling x6  
  30  3:06  Zergling x4  
  32  3:18  Baneling x3  
  32  3:19  Baneling x2  
  26  3:27  Zergling x6  
  25  3:38  Zergling x8  
  27  3:45  Zergling x2  
Show
View Real Time Build Order
Export as new Build Order

LiquidTLO Zerg 

Build Orders: Pool First 

Get SALT Encoding   

  12  0:01  Drone  
  13  0:13  Extractor  
  12  0:15  Drone  
  13  0:29  Spawning Pool  
  13  0:33  Drone  
  13  0:39  Drone  
  14  0:47  Extractor, Drone  
  15  0:57  Overlord  
  15  1:16  Queen  
  17  1:19  Metabolic Boost  
  17  1:23  Zergling x2  
  18  1:28  Zergling x2  
  19  1:37  Baneling Nest  
  18  1:40  Zergling x2  
  19  1:51  Overlord  
  19  1:55  Zergling x2  
  19  1:59  Zergling x2  
  21  2:09  Zergling x2  
  22  2:17  Zergling x2  
  23  2:22  Baneling  
  23  2:23  Baneling  
  23  2:24  Zergling x4  
  25  2:31  Zergling x2  
  26  2:37  Zergling x2  
  26  2:39  Zergling x2  
  27  2:52  Zergling x2  
  25  2:59  Zergling x4  
  25  3:00  Zergling x2  
  25  3:01  Baneling  
  25  3:02  Baneling  
  25  3:03  Baneling  
  25  3:05  Zergling x2  
  29  3:10  Baneling  
  29  3:15  Zergling x2  
  28  3:28  Drone  
  28  3:33  Baneling  
  27  3:34  Zergling x2  
  24  3:53  Hatchery  
Tags
 
Add a new tag
Caveats
  • Supply blocks, unpowered buildings, or Contaminate may cause inaccurate times.
  • Supply counts are checked every 10 seconds.